 Dungeon Crawl Stone Soup version 0.18.1-8-gdd0e5ea (webtiles) character file.

19 Implojin the Insei (level 2, 0/24 HPs)
             Began as a Mummy Monk on May 22, 2016.
             Slain by a bat (1 damage)
             ... on level 1 of the Dungeon.
             The game lasted 00:02:45 (835 turns).

Implojin the Insei (Mummy Monk)                      Turns: 835, Time: 00:02:46

Health: 0/24       AC:  0    Str: 14    XL:     2   Next: 55%
Magic:  2/2        EV: 13    Int:  9    God:
Gold:   84         SH:  0    Dex: 14    Spells: 0 memorised, 1 level left

rFire  x . .     SeeInvis .       - Unarmed
rCold  + . .     Gourm    .     (no armour)
rNeg   + + +     Faith    .     (no shield)
rPois  ∞         Spirit   .     (no helmet)
rElec  .         Dismiss  .     (no cloak)
rCorr  .         Reflect  .     (no gloves)
SustAt .         Harm     .     (no boots)
MR     .....                    (no amulet)
Stlth  ++........               (no ring)
                                (no ring)

@: not resistant to hostile enchantments, unstealthy
A: no food or potions, fire vulnerability, cold resistance 1, negative energy
resistance 3, torment resistance, unbreathing
a: no special abilities


You were on level 1 of the Dungeon.
You were not hungry.

You visited 1 branch of the dungeon, and saw 2 of its levels.

You collected 84 gold pieces.

Inventory:

Jewellery
 d - an uncursed ring of see invisible {unknown}
Scrolls
 a - a scroll of random uselessness {unknown}
 b - 2 scrolls of enchant weapon {unknown}
 c - a scroll of fog {unknown}


   Skills:
 - Level 3.0 Fighting
 - Level 2.4 Dodging
 - Level 1.5 Stealth
 * Level 3.9 Unarmed Combat


You had one spell level left.
You didn't know any spells.

Dungeon Overview and Level Annotations

Branches:
Dungeon (2/15)

Altars:


Innate Abilities, Weirdness & Mutations

You do not eat or drink.
Your flesh is vulnerable to fire.
You are immune to poison.
Your flesh is cold resistant.
You are immune to negative energy.
You are immune to unholy pain and torment.
You can survive without breathing.


Message History

* * * LOW HITPOINT WARNING * * *
The bat hits you.
* * * LOW HITPOINT WARNING * * *
The bat completely misses you. The bat hits you.
* * * LOW HITPOINT WARNING * * *
The bat closely misses you. The bat hits you.
* * * LOW HITPOINT WARNING * * *
The bat closely misses you.
You see here a giant newt skeleton.
The bat misses you. The bat hits you.
* * * LOW HITPOINT WARNING * * *
You closely miss the bat. The bat closely misses you.
You miss the bat. The bat misses you. The bat closely misses you.
Unknown command.
The bat hits you.
* * * LOW HITPOINT WARNING * * *
The bat hits you.
* * * LOW HITPOINT WARNING * * *
The bat hits you.
* * * LOW HITPOINT WARNING * * *
The bat completely misses you. What do you say? t - Shout!
Orders for allies: a - Attack new target. r - Retreat! s - Stop attacking. w - Wait here. f - Follow me.
Anything else - Stay silent.
Okay, then.
Unknown command.
You aren't wearing any rings or amulets.
Unknown command.
Unknown command.
The bat misses you. The bat misses you. The bat hits you.
* * * LOW HITPOINT WARNING * * *
The bat hits you.
You die...

#.........# #####
#.....###....# #.........#
#..........### #.........###
#..........###
#...........####
#.............
#####..##.)....#
#..........###
#..##......#####............
#..##......#...#..........#.
#..##......#.K.#............
#.. #......@b....g..........
#!.....#...###K..####.#.
....)........# #...###K...
###......#...# #..g.K...#.
########...# #...###....
#...# #...# ##### #######.##
#...####.. #.......#
#####..... #.......#
##...... ##


You could see a goblin, a bat and 2 kobolds.

Vanquished Creatures
  3 dart slugs (D:1)
  2 bats (D:1)
  2 goblins (D:1)
  A hobgoblin (D:1)
  2 kobolds (D:1)
  2 giant newts (D:1)
  A rat (D:1)
13 creatures vanquished.

Notes
Turn   | Place    | Note
--------------------------------------------------------------
     0 | D:1      | Implojin the Mummy Monk began the quest for the Orb.
     0 | D:1      | Reached XP level 1. HP: 18/18 MP: 1/1
   316 | D:1      | Reached XP level 2. HP: 23/24 MP: 2/2
   829 | D:1      | HP: 1/24 [bat (1)]
   835 | D:1      | Slain by a bat

Action                   || total
-------------------------++-------
Melee: Unarmed           ||    39
Dodge: Dodged            ||    41

Table legend:
 A = Turns spent in this place as a percentage of turns spent in the entire game.
 B = Non-inter-level travel turns spent in this place as a percentage of non-inter-level travel turns spent in the entire game.
 C = Inter-level travel turns spent in this place as a percentage of turns spent in this place.
 D = Turns resting spent in this place as a percentage of non-inter-level travel turns spent in this place.
 E = Turns spent auto-exploring this place as a percentage of non-inter-level travel turns spent in this place.
 F = Non-inter-level travel turns spent in this place divided by the number of levels of this place that you've seen.
                   A       B       C       D       E      F
               +-------+-------+-------+-------+-------+----------------------
         Total | 100.0 | 100.0 |   0.0 |   3.1 |   2.9 | 222.5
       Dungeon | 100.0 | 100.0 |   0.0 |   3.1 |   2.9 | 222.5
               +-------+-------+-------+-------+-------+----------------------

Table legend:
 A = Kills in this place as a percentage of kills in entire the game.
 B = Kills by you in this place as a percentage of kills by you in the entire game.
 C = Kills by friends in this place as a percentage of kills by friends in the entire game.
 D = Other kills in this place as a percentage of other kills in the entire game.
 E = Experience gained in this place as a percentage of experience gained in the entire game.
 F = Experience gained in this place divided by the number of levels of this place that you have seen.
                   A       B       C       D       E      F
               +-------+-------+-------+-------+-------+----------------------
         Total | 100.0 | 100.0 |  -nan |  -nan | 100.0 |  14.0
       Dungeon | 100.0 | 100.0 |  -nan |  -nan | 100.0 |  14.0
               +-------+-------+-------+-------+-------+----------------------
